 Dungeon Crawl Stone Soup version 0.17.0-23-g0de4337 (webtiles) character file.

77 JudasIscariot the Shield-Bearer (level 4, -1/35 HPs)
             Began as a Demonspawn Fighter on Nov 14, 2015.
             Slain by a shadow imp (3 damage)
             ... summoned by Natasha
             ... on level 2 of the Dungeon.
             The game lasted 00:04:15 (1252 turns).

JudasIscariot the Shield-Bearer (DsFi)              Turns: 1252, Time: 00:04:16

Health: -1/35      AC:  8    Str: 22    XL:     4   Next: 13%
Magic:  4/4        EV:  7    Int:  9    God:
Gold:   86         SH:  9    Dex: 13    Spells: 0 memorised, 3 levels left

rFire  . . .     SeeInvis .     a - +0 flail
rCold  . . .     Clarity  .     b - +0 scale mail
rNeg   . . .     SustAt   .     c - +0 shield
rPois  .         Gourm    .     f - +0 helmet
rElec  .         Spirit   .     (no cloak)
rCorr  .         Warding  .     (no gloves)
rMut   .         Stasis   .     (no boots)
MR     +....                    (no amulet)
Stlth  +.........               (no ring)
                                j - ring of protection from magic

@: mighty, somewhat resistant to hostile enchantments, very unstealthy
A: nightstalker 1, powered by death 1
a: no special abilities


You were on level 2 of the Dungeon.
You were hungry.

You visited 1 branch of the dungeon, and saw 2 of its levels.

You collected 86 gold pieces.

Inventory:

Hand Weapons
 a - a +0 flail (weapon)
Armour
 b - a +0 scale mail (worn)
 c - a +0 shield (worn)
 f - a +0 helmet (worn)
Jewellery
 j - a ring of protection from magic (left hand)
 u - a cursed -2 ring of dexterity {unknown}
Scrolls
 h - 8 scrolls of identify {unknown}
 k - 2 scrolls of teleportation {unknown}
 o - a scroll of recharging {unknown}
 p - a scroll of enchant armour {unknown}
 q - a scroll of fear {unknown}
 t - a scroll of remove curse {unknown}
Potions
 l - 2 potions of flight {unknown}
 m - a potion of agility {unknown}
Comestibles
 e - a bread ration
 g - 3 beef jerkies
 i - a royal jelly
 n - a chunk of flesh
 s - a slice of pizza


   Skills:
 * Level 3.3 Fighting
 * Level 2.1 Maces & Flails
 * Level 3.3 Armour
 + Level 0.6 Dodging
 * Level 3.4 Shields


You had 3 spell levels left.
You didn't know any spells.

Dungeon Overview and Level Annotations

Branches:
Dungeon (2/15)

Altars:

Annotations:
D:2 Natasha


Innate Abilities, Weirdness & Mutations

You are slightly more attuned to the shadows.
You regenerate a little health from kills.


Message History

The shadow imp hits you but does no damage.
Natasha closely misses you. You block the crimson imp's attack.
You sock Natasha!
Natasha is severely wounded.
The shadow imp barely misses you.
Natasha stares at you and mumbles some strange words.
The magic dart hits you!
* * * LOW HITPOINT WARNING * * *
The crimson imp barely misses you.
You closely miss Natasha.
Natasha is severely wounded.
The shadow imp hits you.
* * * LOW HITPOINT WARNING * * *
Natasha zaps a wand.
You block the puff of flame.
The crimson imp blinks!
The shadow imp closely misses you. Natasha claws you.
* * * LOW HITPOINT WARNING * * *
You barely miss Natasha.
Natasha is severely wounded.
The shadow imp hits you.
You die...

..# #.....# #.# .##..# ..#
#.###.# #####.######.##.>.
..# #.# #.#
#............##### ..# #.#
#.# #............# ..# #.#
#.# #............# ..# #.#
#.# #....5..[....# ..###.#
#.# #............#
(..÷..###.#.####............#
.#........#....h@§..........#
.#.#############5...........#
.#.#..<....... .###########.#
.#.#....#######. #.#
.#.#....<.... .. #.#
##.#....###################.#
#.#....#..#..........#.....#
#.#....#..#.########.#.##..#
#.#....#..#.# #.#..#..#


You could see Natasha, a crimson imp and a shadow imp.

Vanquished Creatures
  Ijyb (D:2)
  An adder (D:2)
  A worm (D:2)
  A giant gecko (D:1)
  A ball python (D:2)
  2 goblins
  3 hobgoblins
  5 bats
  3 giant newts
  7 kobolds
  18 rats
43 creatures vanquished.

Notes
Turn   | Place    | Note
--------------------------------------------------------------
     0 | D:1      | JudasIscariot the Demonspawn Fighter began the quest for the Orb.
     0 | D:1      | Reached XP level 1. HP: 18/18 MP: 1/1
    34 | D:1      | Gained mutation: You regenerate a little health from kills. [demonic ancestry]
    34 | D:1      | Reached XP level 2. HP: 21/24 MP: 2/2
   778 | D:2      | Reached XP level 3. HP: 25/29 MP: 3/3
  1101 | D:2      | Noticed Ijyb
  1123 | D:2      | Killed Ijyb
  1123 | D:2      | Gained mutation: You are slightly more attuned to the shadows. [demonic ancestry]
  1123 | D:2      | Reached XP level 4. HP: 32/35 MP: 4/4
  1236 | D:2      | Noticed Natasha
  1252 | D:2      | Slain by a shadow imp

Action                   |  1- 3 |  4- 6 || total
-------------------------+-------+-------++-------
Melee: Flail             |   156 |    14 ||   170
  Use: Potion            |       |     2 ||     2
  Eat: Chunk             |     1 |       ||     1
